TOP OF THE 1ST |
Chattanooga Chinpokomon batting - Pitching for Havana Rollers : RHP Matt Hoffman
|
Pitching: RHP Matt Hoffman
|
|
Batting: LHB Elvin Summers
|
0-0: Ball 1-0: Called Strike 1-1: SINGLE (Line Drive, 6D)
|
Batting: RHB Ricardo Salazar
|
0-0: Ball 1-0: Called Strike 1-1: Swinging Strike 1-2: Ball 2-2: DOUBLE (Flyball, 8RXD) Elvin Summers to third
|
Batting: RHB Jesús Tisnado
|
0-0: SINGLE (Flyball, 89S) Elvin Summers scores Ricardo Salazar to third
|
Batting: LHB Ramiro Muñóz
|
0-0: Swinging Strike 0-1: Ball 1-1: Foul Ball, location: 2F 1-2: Ball 2-2: Fly out, F8 (Flyball, 8RS) Runner from 3rd tags up, SCORES, no throw
|
Batting: RHB Luis Antonio Velásquez
|
0-0: Called Strike 0-1: Ball 1-1: Foul Ball, location: 2F 1-2: Strikes out swinging
|
Batting: RHB Jeffrey Hicks
|
0-0: Ball 1-0: Called Strike 1-1: Swinging Strike 1-2: Strikes out swinging
|
Top of the 1st over - 2 runs, 3 hits, 0 errors, 1 left on base; Chattanooga 2 - Havana 0 |
BOTTOM OF THE 1ST |
Havana Rollers batting - Pitching for Chattanooga Chinpokomon : RHP Claudio Ramírez
|
Pitching: RHP Claudio Ramírez
|
|
Batting: LHB Marvin Nichols
|
0-0: Foul Ball, location: 2F 0-1: Fly out, F9 (Flyball, 89D)
|
Batting: RHB Soshu Nakamura
|
0-0: Ball 1-0: Ball 2-0: Ground out 6-3 (Groundball, 6)
|
Batting: RHB António Zúñiga
|
0-0: Ball 1-0: Called Strike 1-1: Ball 2-1: Ball 3-1: Fly out, F5 (Popup, 5F)
|
Bottom of the 1st over - 0 runs, 0 hits, 0 errors, 0 left on base; Chattanooga 2 - Havana 0 |
TOP OF THE 2ND |
Chattanooga Chinpokomon batting - Pitching for Havana Rollers : RHP Matt Hoffman
|
Batting: RHB Jorge Mora
|
0-0: Called Strike 0-1: Ball 1-1: Swinging Strike 1-2: Strikes out swinging
|
Batting: RHB Irving Galloway
|
0-0: Called Strike 0-1: Ball 1-1: Swinging Strike 1-2: Ball 2-2: SINGLE (Line Drive, 34D)
|
Batting: RHB John Robertson
|
0-0: Ball 1-0: Called Strike 1-1: Called Strike 1-2: Foul Ball, location: 2F 1-2: 2-RUN HOME RUN (Flyball, 9D), Distance : 376 ft
|
Batting: LHB Elvin Summers
|
0-0: Ball 1-0: Ball 2-0: Called Strike 2-1: Ball 3-1: Ground out U3 (Groundball, 3)
|
Batting: RHB Ricardo Salazar
|
0-0: Ball 1-0: SINGLE (Groundball, 25) (infield hit)
|
Batting: RHB Jesús Tisnado
|
0-0: Ball 1-0: 2-RUN HOME RUN (Flyball, 7LD), Distance : 340 ft
|
Batting: LHB Ramiro Muñóz
|
0-0: Foul Ball, location: 2F 0-1: SINGLE (Flyball, 89S)
|
Batting: RHB Luis Antonio Velásquez
|
0-0: Fly out, F5 (Flyball, 5D)
|
Top of the 2nd over - 4 runs, 5 hits, 0 errors, 1 left on base; Chattanooga 6 - Havana 0 |
BOTTOM OF THE 2ND |
Havana Rollers batting - Pitching for Chattanooga Chinpokomon : RHP Claudio Ramírez
|
Batting: RHB Raúl Soto
|
0-0: Ball 1-0: Ball 2-0: Ball 3-0: Base on Balls
|
Batting: RHB Bill Little
|
0-0: Ball 1-0: Foul Ball, location: 2F 1-1: Foul Ball, location: 2F 1-2: Strikes out swinging
|
Batting: LHB Shiro Ueno
|
0-0: Ball 1-0: Foul Ball, location: 2F 1-1: Grounds into double play, 4-6-3 (Groundball, 34)
|
Bottom of the 2nd over - 0 runs, 0 hits, 0 errors, 0 left on base; Chattanooga 6 - Havana 0 |
TOP OF THE 3RD |
Chattanooga Chinpokomon batting - Pitching for Havana Rollers : RHP Matt Hoffman
|
Batting: RHB Jeffrey Hicks
|
0-0: Fly out, F7 (Flyball, 78S)
|
Batting: RHB Jorge Mora
|
0-0: Foul Ball, location: 2F 0-1: Ground out 5-3 (Groundball, 5)
|
Batting: RHB Irving Galloway
|
0-0: Ground out 5-3 (Groundball, 56)
|
Top of the 3rd over - 0 runs, 0 hits, 0 errors, 0 left on base; Chattanooga 6 - Havana 0 |
BOTTOM OF THE 3RD |
Havana Rollers batting - Pitching for Chattanooga Chinpokomon : RHP Claudio Ramírez
|
Batting: RHB Mitsuharu Matsumoto
|
0-0: Foul Ball, location: 2F 0-1: Ball 1-1: Ball 2-1: Ball 3-1: Called Strike 3-2: Foul Ball, location: 2F 3-2: Foul Ball, location: 2F 3-2: Base on Balls
|
Batting: RHB Luis Aguilar
|
0-0: Called Strike 0-1: Fly out, F8 (Flyball, 78M)
|
Batting: RHB Ken MacDonald
|
0-0: Fielders Choice at 2nd, 4-6 (Groundball, 34)
|
Batting: LHB Marvin Nichols
|
0-0: Ball 1-0: Called Strike 1-1: Foul Ball, location: 2F 1-2: Strikes out swinging
|
Bottom of the 3rd over - 0 runs, 0 hits, 0 errors, 1 left on base; Chattanooga 6 - Havana 0 |
TOP OF THE 4TH |
Chattanooga Chinpokomon batting - Pitching for Havana Rollers : RHP Matt Hoffman
|
Batting: RHB John Robertson
|
0-0: Foul Ball, location: 2F 0-1: SINGLE (Groundball, 4D)
|
Batting: LHB Elvin Summers
|
0-0: Fly out, F8 (Flyball, 8LM)
|
Batting: RHB Ricardo Salazar
|
0-0: Ball 1-0: SINGLE (Groundball, 4MD) John Robertson to second
|
Batting: RHB Jesús Tisnado
|
0-0: Called Strike 0-1: Swinging Strike 0-2: Ball 1-2: Strikes out looking
|
Batting: LHB Ramiro Muñóz
|
0-0: Called Strike 0-1: Ball 1-1: SINGLE (Groundball, 6D) John Robertson to third Ricardo Salazar to second Runner from 3rd tries for Home, SAFE, throw made home
|
Batting: RHB Luis Antonio Velásquez
|
0-0: Ball 1-0: Ball 2-0: Called Strike 2-1: SINGLE (Groundball, 56D) Ricardo Salazar to third Ramiro Muñóz to second Runner from 3rd tries for Home, SAFE, no throw
|
Batting: RHB Jeffrey Hicks
|
0-0: Called Strike 0-1: Ball 1-1: Called Strike 1-2: Ball 2-2: Ball 3-2: Foul Ball, location: 2F 3-2: Foul Ball, location: 2F 3-2: SINGLE (Line Drive, 9S) Ramiro Muñóz to third Luis Antonio Velásquez to second Ramiro Muñóz scores Luis Antonio Velásquez to third
|
Batting: RHB Jorge Mora
|
0-0: Ball 1-0: Swinging Strike 1-1: Ground out 1-3 (Groundball, P)
|
Top of the 4th over - 3 runs, 5 hits, 0 errors, 2 left on base; Chattanooga 9 - Havana 0 |
BOTTOM OF THE 4TH |
Havana Rollers batting - Pitching for Chattanooga Chinpokomon : RHP Claudio Ramírez
|
Batting: RHB Soshu Nakamura
|
0-0: Ball 1-0: Ball 2-0: Called Strike 2-1: SINGLE (Line Drive, 6MD)
|
Batting: RHB António Zúñiga
|
0-0: Ball 1-0: Called Strike 1-1: Ball 2-1: Called Strike 2-2: Foul Ball, location: 2F 2-2: DOUBLE (Flyball, 89XD) Soshu Nakamura to third Runner from 3rd tries for Home, SAFE, no throw
|
Batting: RHB Raúl Soto
|
0-0: DOUBLE (Line Drive, 78M) António Zúñiga scores
|
Batting: RHB Bill Little
|
0-0: Called Strike 0-1: SINGLE (Groundball, 4MD) Raúl Soto to third
|
Batting: LHB Shiro Ueno
|
0-0: Ball 1-0: Ground out 6-3 (Groundball, 6M) Raúl Soto scores Bill Little to second
|
Batting: RHB Mitsuharu Matsumoto
|
0-0: Ball 1-0: Called Strike 1-1: SINGLE (Groundball, 6M) (infield hit) Bill Little to third
|
Batting: RHB Luis Aguilar
|
0-0: Ball 1-0: Called Strike 1-1: Ball 2-1: Swinging Strike 2-2: Grounds into double play, 4-6-3 (Groundball, 34)
|
Bottom of the 4th over - 3 runs, 5 hits, 0 errors, 1 left on base; Chattanooga 9 - Havana 3 |
TOP OF THE 5TH |
Chattanooga Chinpokomon batting - Pitching for Havana Rollers : RHP Matt Hoffman
|
Pitching: RHP Jason Drake
|
|
Batting: RHB Irving Galloway
|
0-0: SINGLE (Line Drive, 56)
|
Batting: RHB John Robertson
|
0-0: Called Strike 0-1: Foul Ball, location: 2F 0-2: Foul Ball, location: 2F 0-2: Grounds into double play, 6-4-3 (Groundball, 56)
|
Batting: LHB Elvin Summers
|
0-0: Called Strike 0-1: Ball 1-1: Foul Ball, location: 2F 1-2: Ground out 4-3 (Groundball, 4M)
|
Top of the 5th over - 0 runs, 1 hit, 0 errors, 0 left on base; Chattanooga 9 - Havana 3 |
BOTTOM OF THE 5TH |
Havana Rollers batting - Pitching for Chattanooga Chinpokomon : RHP Claudio Ramírez
|
Batting: RHB Ken MacDonald
|
0-0: Ball 1-0: Swinging Strike 1-1: Swinging Strike 1-2: Ball 2-2: Foul Ball, location: 2F 2-2: SINGLE (Line Drive, 78S)
|
Batting: LHB Marvin Nichols
|
0-0: Called Strike 0-1: Fly out, F7 (Flyball, 7S)
|
Batting: RHB Soshu Nakamura
|
0-0: Ball 1-0: Called Strike Throwing error on steal attempt, E2 Ken MacDonald to third 1-1: SINGLE (Groundball, 6MD) Ken MacDonald scores
|
Batting: RHB António Zúñiga
|
0-0: Ball 1-0: Foul Ball, location: 2F 1-1: Called Strike 1-2: Foul Ball, location: 2F 1-2: Ball 2-2: Foul Ball, location: 2F 2-2: Fly out, F7 (Flyball, 7S)
|
Batting: RHB Raúl Soto
|
0-0: Ball Soshu Nakamura steals 2nd base 1-0: Foul Ball, location: 2F 1-1: Foul Ball, location: 2F 1-2: SINGLE (Groundball, 56D) Soshu Nakamura to third Runner from 3rd tries for Home, SAFE, throw made home Raúl Soto to second
|
Batting: RHB Bill Little
|
0-0: Swinging Strike 0-1: Ball 1-1: Swinging Strike 1-2: Ball 2-2: Fly out, F2 (Popup, 15S)
|
Bottom of the 5th over - 2 runs, 3 hits, 1 error, 1 left on base; Chattanooga 9 - Havana 5 |
TOP OF THE 6TH |
Chattanooga Chinpokomon batting - Pitching for Havana Rollers : RHP Jason Drake
|
Batting: RHB Ricardo Salazar
|
0-0: Ball 1-0: Ball 2-0: Called Strike 2-1: Foul Ball, location: 2F 2-2: Foul Ball, location: 2F 2-2: Ball 3-2: Ground out 5-3 (Groundball, 56)
|
Batting: RHB Jesús Tisnado
|
0-0: Ball 1-0: Foul Ball, location: 2F 1-1: Ball 2-1: Swinging Strike 2-2: Ball 3-2: Foul Ball, location: 2F 3-2: Foul Ball, location: 2F 3-2: Strikes out swinging, 2-3 out at first.
|
Batting: LHB Ramiro Muñóz
|
0-0: Ball 1-0: Foul Ball, location: 2F 1-1: Called Strike 1-2: Foul Ball, location: 2F 1-2: Ball 2-2: Ball 3-2: Strikes out swinging
|
Top of the 6th over - 0 runs, 0 hits, 0 errors, 0 left on base; Chattanooga 9 - Havana 5 |
BOTTOM OF THE 6TH |
Havana Rollers batting - Pitching for Chattanooga Chinpokomon : RHP Claudio Ramírez
|
Pitching: RHP Danny Johnston
|
|
Batting: LHB Shiro Ueno
|
0-0: Ball 1-0: Ball 2-0: Foul Ball, location: 2F 2-1: Ball 3-1: Foul Ball, location: 2F 3-2: Ground out 6-3 (Groundball, 6)
|
Batting: RHB Mitsuharu Matsumoto
|
0-0: Ball 1-0: SINGLE (Groundball, 6MD) (infield hit)
|
Batting: RHB Luis Aguilar
|
0-0: Swinging Strike 0-1: Swinging Strike 0-2: Ball 1-2: 2-RUN HOME RUN (Flyball, 7LD), Distance : 337 ft
|
Pitching: RHP Manuel Trujillo
|
|
Batting: RHB Ken MacDonald
|
0-0: Ball 1-0: Foul Ball, location: 2F 1-1: Foul Ball, location: 2F 1-2: Ball 2-2: Foul Ball, location: 2F 2-2: Ball 3-2: Foul Ball, location: 2F 3-2: Ground out 5-3 (Groundball, 56)
|
Batting: LHB Marvin Nichols
|
0-0: Called Strike 0-1: Ball 1-1: Foul Ball, location: 2F 1-2: Ball 2-2: SINGLE (Groundball, 34D)
|
Batting: RHB Soshu Nakamura
|
0-0: Called Strike Marvin Nichols is caught stealing 2nd base
|
Bottom of the 6th over - 2 runs, 3 hits, 0 errors, 0 left on base; Chattanooga 9 - Havana 7 |
TOP OF THE 7TH |
Chattanooga Chinpokomon batting - Pitching for Havana Rollers : RHP Jason Drake
|
Batting: RHB Luis Antonio Velásquez
|
0-0: Called Strike 0-1: Ball 1-1: Ball 2-1: Ball 3-1: Swinging Strike 3-2: Base on Balls
|
Batting: RHB Jeffrey Hicks
|
0-0: Ball 1-0: Foul Ball, location: 2F 1-1: Ball 2-1: Grounds into double play, 5-4-3 (Groundball, 5)
|
Batting: RHB Jorge Mora
|
0-0: Ball 1-0: Called Strike 1-1: Foul Ball, location: 2F 1-2: Ground out 4-3 (Groundball, 4)
|
Top of the 7th over - 0 runs, 0 hits, 0 errors, 0 left on base; Chattanooga 9 - Havana 7 |
BOTTOM OF THE 7TH |
Havana Rollers batting - Pitching for Chattanooga Chinpokomon : RHP Manuel Trujillo
|
Batting: RHB Soshu Nakamura
|
0-0: SINGLE (Flyball, 7S)
|
Batting: RHB António Zúñiga
|
0-0: Foul Ball, location: 2F 0-1: Ball 1-1: Foul Ball, location: 2F 1-2: Ball 2-2: SINGLE (Line Drive, 89S) Soshu Nakamura to second Runner from 2nd tries for 3rd, SAFE, no throw
|
Batting: RHB Raúl Soto
|
0-0: Ball 1-0: Called Strike 1-1: Foul Ball, location: 2F 1-2: Ground out 6-3 (Groundball, 6) António Zúñiga to second
|
Batting: RHB Bill Little
|
0-0: Ball 1-0: Called Strike 1-1: Ground out 4-3 (Groundball, 4)
|
Batting: LHB Shiro Ueno
|
0-0: Ball 1-0: Foul Ball, location: 2F 1-1: Fly out, F6 (Popup, 6)
|
Bottom of the 7th over - 0 runs, 2 hits, 0 errors, 2 left on base; Chattanooga 9 - Havana 7 |
TOP OF THE 8TH |
Chattanooga Chinpokomon batting - Pitching for Havana Rollers : RHP Jason Drake
|
Pitching: RHP Kel Meyer
|
|
Batting: RHB Irving Galloway
|
0-0: Ball 1-0: Foul Ball, location: 2F 1-1: Ball 2-1: Ball 3-1: Foul Ball, location: 2F 3-2: SOLO HOME RUN (Flyball, 9D), Distance : 398 ft
|
Batting: RHB John Robertson
|
0-0: Ball 1-0: Ball 2-0: Ground out 4-3 (Groundball, 4S)
|
Batting: LHB Elvin Summers
|
0-0: Foul Ball, location: 2F 0-1: Ground out 6-3 (Groundball, 6)
|
Batting: RHB Ricardo Salazar
|
0-0: Swinging Strike 0-1: Called Strike 0-2: Strikes out swinging
|
Top of the 8th over - 1 run, 1 hit, 0 errors, 0 left on base; Chattanooga 10 - Havana 7 |
BOTTOM OF THE 8TH |
Havana Rollers batting - Pitching for Chattanooga Chinpokomon : RHP Manuel Trujillo
|
Batting: RHB Mitsuharu Matsumoto
|
0-0: Ball 1-0: Fly out, F6 (Line Drive, 6)
|
Batting: RHB Luis Aguilar
|
0-0: Called Strike 0-1: Ball 1-1: Ball 2-1: Ball 3-1: SOLO HOME RUN (Line Drive, 9LD), Distance : 369 ft
|
Pitching: LHP Bob Quested
|
|
Batting: RHB Ken MacDonald
|
0-0: DOUBLE (Line Drive, 78D)
|
Batting: LHB Marvin Nichols
|
0-0: Ball 1-0: Ball 2-0: Ball 3-0: Called Strike 3-1: Ground out 4-3 (Groundball, 4M) Ken MacDonald to third
|
Batting: RHB Soshu Nakamura
|
0-0: Ball 1-0: Called Strike 1-1: Fly out, F7 (Flyball, 78S)
|
Bottom of the 8th over - 1 run, 2 hits, 0 errors, 1 left on base; Chattanooga 10 - Havana 8 |
TOP OF THE 9TH |
Chattanooga Chinpokomon batting - Pitching for Havana Rollers : RHP Kel Meyer
|
Batting: RHB Jesús Tisnado
|
0-0: Ball 1-0: Ball 2-0: Called Strike 2-1: Foul Ball, location: 2F 2-2: Ball 3-2: Strikes out swinging
|
Batting: LHB Ramiro Muñóz
|
0-0: Ball 1-0: Ball 2-0: Called Strike 2-1: Foul Ball, location: 2F 2-2: Foul Ball, location: 2F 2-2: Foul Ball, location: 2F 2-2: Ball 3-2: Foul Ball, location: 2F 3-2: Foul Ball, location: 2F 3-2: SINGLE (Groundball, 56D)
|
Batting: RHB Luis Antonio Velásquez
|
0-0: SINGLE (Line Drive, 6M) Ramiro Muñóz to second Runner from 2nd tries for 3rd, SAFE, no throw
|
Batting: RHB Jeffrey Hicks
|
0-0: Called Strike 0-1: Foul Ball, location: 2F 0-2: Ball Luis Antonio Velásquez is caught stealing 2nd base 1-2: DOUBLE (Line Drive, 8LD) Ramiro Muñóz scores
|
Pitching: RHP Ju-choer Yi
|
|
Batting: RHB Jorge Mora
|
0-0: Ball 1-0: SINGLE (Flyball, 56D) Jeffrey Hicks to third Runner from 3rd tries for Home, SAFE, no throw
|
Batting: RHB Irving Galloway
|
0-0: Foul Ball, location: 2F 0-1: Ball 1-1: Foul Ball, location: 2F 1-2: Foul Ball, location: 2F 1-2: Ball 2-2: Strikes out swinging
|
Top of the 9th over - 2 runs, 4 hits, 0 errors, 1 left on base; Chattanooga 12 - Havana 8 |
BOTTOM OF THE 9TH |
Havana Rollers batting - Pitching for Chattanooga Chinpokomon : LHP Bob Quested
|
Batting: RHB António Zúñiga
|
0-0: Ball 1-0: Called Strike 1-1: Ball 2-1: Ball 3-1: Foul Ball, location: 2F 3-2: Reached on error, E5 (Groundball, 56)
|
Batting: RHB Raúl Soto
|
0-0: Ball 1-0: DOUBLE (Flyball, 78XD) António Zúñiga scores
|
Pitching: RHP Renaldo Quilh
|
|
Batting: RHB Bill Little
|
0-0: Called Strike 0-1: Ball 1-1: Swinging Strike 1-2: Strikes out looking
|
Batting: LHB Shiro Ueno
|
0-0: Ground out 6-3 (Groundball, 6)
|
Batting: RHB Mitsuharu Matsumoto
|
0-0: Ball 1-0: Ball 2-0: Ball 3-0: Called Strike 3-1: Called Strike 3-2: SINGLE (Line Drive, 78S) Raúl Soto to third Raúl Soto scores
|
Pinch Hitting: LHB Jimmy Husted
|
0-0: Fly out, F7 (Flyball, 7LSF)
|
Bottom of the 9th over - 2 runs, 2 hits, 1 error, 1 left on base; Chattanooga 12 - Havana 10 |
|